 Dungeon Crawl Stone Soup version 0.17.1-1-g73c8601 (webtiles) character file.

3755 Andry07 the Blocker (level 10, -3/49 HPs)
             Began as a Vine Stalker Fighter on Dec 27, 2015.
             Slain by Erolcha
             ... wielding a +4 giant spiked club
              (19 damage)
             ... on level 8 of the Dungeon.
             The game lasted 00:23:08 (6064 turns).

Andry07 the Blocker (Vine Stalker Fighter)          Turns: 6064, Time: 00:23:08

Health: -3/49      AC:  8    Str: 22    XL:     10   Next: 15%
Magic:  0/11       EV:  9    Int:  8    God:
Gold:   262        SH: 13    Dex: 14    Spells: 0 memorised, 9 levels left

rFire  . . .     SeeInvis .     s - +5 dagger (freeze)
rCold  . . .     Clarity  .     b - +0 scale mail
rNeg   . . .     SustAt   .     c - +0 shield
rPois  .         Gourm    .     (no helmet)
rElec  .         Spirit   +     (no cloak)
rCorr  .         Warding  .     (no gloves)
rMut   .         Stasis   .     j - +0 pair of boots
MR     +....                    (no amulet)
Stlth  ..........               I - +1 ring of protection
                                i - ring of flight

@: lethally poisoned (-3 -> -4), slowed, very slow, somewhat resistant to
hostile enchantments, extremely unstealthy
A: fangs 3, regeneration 2, magic shield, antimagic bite, no device heal 3, rot
immunity
a: Evoke Flight


You were on level 8 of the Dungeon.
You were not hungry.

You visited 1 branch of the dungeon, and saw 10 of its levels.

You collected 366 gold pieces.
You spent 104 gold pieces at shops.

Inventory:

Hand Weapons
 s - a +5 dagger of freezing (weapon)
 J - a +1 short sword of electrocution
Armour
 b - a +0 scale mail (worn)
 c - a +0 shield (worn)
 j - a +0 pair of boots (worn)
Jewellery
 i - a ring of flight (left hand)
 I - a +1 ring of protection (right hand)
Wands
 a - a wand of fireball (9)
 d - a wand of draining (4)
 B - a wand of slowing (29)
 G - a wand of polymorph (13)
Scrolls
 f - 3 scrolls of blinking
 h - 4 scrolls of fear
 k - 4 scrolls of teleportation
 l - a scroll of recharging
 r - 4 scrolls of enchant weapon
 v - 3 scrolls of amnesia {unknown}
 y - a scroll of remove curse
 z - a scroll of immolation {unknown}
 A - 2 scrolls of enchant armour {unknown}
 C - a scroll of noise {unknown}
 D - 7 scrolls of identify
 F - a scroll of fog {unknown}
 K - a scroll of magic mapping {unknown}
 N - a scroll of summoning {unknown}
Potions
 m - 2 potions of heal wounds
 p - 3 potions of haste {unknown}
 t - a potion of curing {unknown}
 u - a potion of degeneration {unknown}
 x - a potion of ambrosia {unknown}
 E - 2 potions of lignification {unknown}
 H - 2 potions of berserk rage {unknown}
 M - a potion of brilliance {unknown}
Comestibles
 e - 9 bread rations
 g - 6 meat rations
 n - 8 beef jerkies
 o - 14 fruits
 q - a royal jelly
 w - 2 slices of pizza


   Skills:
 - Level 3.1 Fighting
   Level 2.0 Long Blades
 - Level 3.0 Armour
 + Level 12.7 Shields


You had 9 spell levels left.
You didn't know any spells.

Dungeon Overview and Level Annotations

Branches:
Dungeon (10/15)            Temple (0/1) D:5
   Lair: D:8-11         Orc: D:9-12

Altars:
Ashenzari
Cheibriados
Dithmenos
Elyvilon
Fedhas
Gozag
Kikubaaqudgha
Nemelex Xobeh
Qazlal
Ru
Trog
Xom
Zin

Shops:
D:4 ?   D:5 *   D:6 [

Annotations:
D:4 SCROLL SHOP
D:6 ELMI&PLATE Artefatti
D:8 Joseph, Prince Ribbit
D:9 Erolcha
D:10 Flanowski's ghost, journeyman HOBe


Innate Abilities, Weirdness & Mutations

You have razor-sharp teeth.
You heal very quickly.
When hurt, damage is shared between your health and your magic reserves.
Your bite disrupts and absorbs the magic of your enemies.
Potions and wands cannot restore your health.
You are immune to rotting.


Message History

A bolt of poison appears from out of thin air!
The bolt of poison hits you!
You are poisoned.
You feel sick.
You feel yourself slow down.
You feel sick.
You feel sick.
You feel sick.
You hear some strange, mumbled words.
An orb of energy appears from out of thin air!
The orb of energy hits you!
There is a stone staircase leading up here.
You can't go down here!
You feel sick. Something hits you!
You climb upwards.
Level annotation: Joseph, Prince Ribbit You feel sick.
Found 17 stones.
There is a stone staircase leading down here.
You feel sick. Something hits you!!
You die...

#..........
#.........#
#.........#
#..........
#(.........
#..........
#.........#
#..>......#
#..@......# ....
###.......# ...
#.#.###.# ...
..#..# # ..
.###### .# # #.
##.###.##.#.# #.
+............ ##
#####........
####.....###....


There were no monsters in sight!

Vanquished Creatures
  Pikel (D:4)
  Psyche (D:8)
  The ghost of grizfap the Ducker, an amateur DrBe of Trog (D:4)
  A wyvern (D:10)
  A hippogriff (D:7)
  An orc warrior (D:9)
  A phantom (D:7)
  A sky beast (D:5)
  5 ogres
  A centaur (D:6)
  A big kobold (D:7)
  2 giant frogs
  A scorpion (D:5)
  A water moccasin skeleton (D:4)
  7 killer bees
  3 hounds
  3 crimson imps
  A giant frog skeleton (D:6)
  2 centaur zombies
  A giant frog zombie (D:7)
  5 orc priests
  4 orc wizards
  An iguana (D:7)
  Jessica (D:2)
  A centaur skeleton (D:5)
  Terence (D:2)
  6 worker ants
  2 hound skeletons
  10 adders
  A worker ant zombie (D:5)
  3 gnolls (D:5)
  2 oozes
  An adder zombie (D:5)
  An adder skeleton (D:6)
  3 worms
  5 giant geckos
  32 orcs
  8 bats
  5 giant cockroaches
  4 goblins
  11 hobgoblins
  5 quokkas
  2 ball pythons
  2 giant newts
  10 jackals (D:1)
  11 kobolds
  7 rats
180 creatures vanquished.

Vanquished Creatures (others)
  A gnoll shaman (D:5)
  3 gnolls (D:5)
  2 giant geckos (D:4)
  An orc (D:4)
7 creatures vanquished.

Grand Total: 187 creatures vanquished

Notes
Turn   | Place    | Note
--------------------------------------------------------------
     0 | D:1      | Andry07 the Vine Stalker Fighter began the quest for the Orb.
     0 | D:1      | Reached XP level 1. HP: 11/11 MP: 2/2
   101 | D:1      | Reached XP level 2. HP: 16/16 MP: 3/3
   139 | D:1      | Reached skill level 3 in Armour
   469 | D:1      | Reached XP level 3. HP: 15/19 MP: 2/4
   979 | D:2      | Found a bloodstained altar of Trog.
  1044 | D:2      | Noticed Terence
  1055 | D:2      | Killed Terence
  1055 | D:2      | Reached XP level 4. HP: 19/24 MP: 5/5
  1148 | D:2      | Found a faded altar to an unknown god.
  1151 | D:2      | Noticed Jessica
  1156 | D:2      | Killed Jessica
  1156 | D:2      | Reached skill level 4 in Shields
  1156 | D:2      | Reached XP level 5. HP: 23/28 MP: 4/6
  1216 | D:2      | Found a stormy altar of Qazlal.
  1419 | D:2      | Found an opulent altar of Gozag.
  1539 | D:3      | Found a shattered altar of Ashenzari.
  1613 | D:3      | Found a shimmering altar of Xom.
  2057 | D:3      | Reached skill level 5 in Shields
  2060 | D:3      | Gained mutation: You heal very quickly. [Vine Stalker growth]
  2060 | D:3      | Reached XP level 6. HP: 19/32 MP: 4/7
  2205 | D:4      | Found a sacrificial altar of Ru.
  2340 | D:4      | Noticed Pikel
  2351 | D:4      | Killed Pikel
  2351 | D:4      | Reached skill level 7 in Shields
  2351 | D:4      | Reached XP level 7. HP: 19/36 MP: 6/8
  2434 | D:4      | Noticed grizfap's ghost (amateur DrBe)
  2460 | D:4      | Killed grizfap's ghost
  2460 | D:4      | Reached skill level 8 in Shields
  2460 | D:4      | Gained mutation: You have razor-sharp teeth. [Vine Stalker growth]
  2460 | D:4      | Reached XP level 8. HP: 22/40 MP: 9/9
  2472 | D:4      | Found an ancient bone altar of Kikubaaqudgha.
  2518 | D:4      | Found Fuschopteo's Magic Scroll Shop.
  2521 | D:4      | Bought a scroll of remove curse for 39 gold pieces
  2521 | D:4      | Bought a scroll of teleportation for 39 gold pieces
  2521 | D:4      | Bought a scroll of identify for 26 gold pieces
  2671 | D:4      | Found a snail-covered altar of Cheibriados.
  2786 | D:5      | Entered Level 5 of the Dungeon
  2823 | D:5      | Reached skill level 9 in Shields
  2943 | D:5      | Found a glowing silver altar of Zin.
  2966 | D:5      | Found a staircase to the Ecumenical Temple.
  3012 | D:5      | Found a blossoming altar of Fedhas.
  3167 | D:5      | Found Teonocs's Assorted Antiques.
  3750 | D:5      | Reached skill level 10 in Shields
  3810 | D:6      | Reached XP level 9. HP: 27/44 MP: 7/10
  3923 | D:6      | Found Pouczai's Antique Armour Boutique.
  4149 | D:6      | Found a sparkling altar of Nemelex Xobeh.
  4247 | D:6      | Found a blossoming altar of Fedhas.
  4261 | D:6      | Found a white marble altar of Elyvilon.
  4499 | D:7      | Reached skill level 11 in Shields
  4612 | D:7      | Found a shadowy altar of Dithmenos.
  4984 | D:7      | Found a shimmering altar of Xom.
  5511 | D:8      | Reached skill level 12 in Shields
  5586 | D:8      | Noticed Psyche
  5601 | D:8      | Killed Psyche
  5601 | D:8      | Reached XP level 10. HP: 17/49 MP: 7/11
  5771 | D:8      | Noticed Prince Ribbit
  5774 | D:8      | Noticed Joseph
  5844 | D:9      | HP: 1/49 [orc warrior/enchanted hand axe (13)]
  5967 | D:10     | Entered Level 10 of the Dungeon
  5971 | D:10     | Noticed Flanowski's ghost (journeyman HOBe)
  6018 | D:10     | Noticed a hill giant
  6037 | D:9      | Noticed Erolcha
  6064 | D:8      | Slain by Erolcha

Action                   |  1- 3 |  4- 6 |  7- 9 | 10-12 || total
-------------------------+-------+-------+-------+-------++-------
Melee: Long sword        |   111 |    14 |       |       ||   125
       Dagger            |       |    88 |   398 |    64 ||   550
  Use: Potion            |       |     1 |       |       ||     1
       Scroll            |       |       |     5 |     1 ||     6
  Eat: Chunk             |       |     5 |    10 |     2 ||    17
